 Dungeon Crawl Stone Soup version 0.18.1-50-g88ac8fd (webtiles) character file.

159 Firecrotchwizard the Cudgeler (level 5, 0/54 HPs)
             Began as an Ogre Berserker on Oct 24, 2016.
             Was an Initiate of the Shining One.
             Slain by a black bear (1 damage)
             ... created by the rage of Trog
             ... on level 4 of the Dungeon.
             The game lasted 00:09:00 (3244 turns).

Firecrotchwizard the Cudgeler (Ogre Berserker)      Turns: 3244, Time: 00:09:00

Health: 0/54       AC:  3    Str: 28    XL:     5   Next: 40%
Magic:  5/5        EV: 10    Int:  6    God:    the Shining One [......]
Gold:   201        SH:  0    Dex: 10    Spells: 0 memorised, 4 levels left

rFire  . . .     SeeInvis .     a - +0 mace
rCold  . . .     Gourm    .     g - +0 robe (curse)
rNeg   . . .     Faith    .     (no shield)
rPois  .         Spirit   .     (helmet restricted)
rElec  .         Dismiss  .     (no cloak)
rCorr  .         Reflect  .     (gloves unavailable)
SustAt .         Harm     .     (boots unavailable)
MR     .....                    (no amulet)
Stlth  +.........               (no ring)
                                k - +6 ring of strength

@: glowing, not resistant to hostile enchantments, very unstealthy
A: unfitting armour, tough skin 1
a: Renounce Religion


You were on level 4 of the Dungeon.
You worshipped the Shining One.
The Shining One was noncommittal.
You were very hungry.

You visited 1 branch of the dungeon, and saw 4 of its levels.

You collected 201 gold pieces.

Inventory:

Hand Weapons
 a - a +0 mace (weapon)
 t - a +2 whip of venom
Armour
 b - a +0 animal skin
 g - a cursed +0 robe (worn)
Jewellery
 k - a +6 ring of strength (left hand)
Scrolls
 d - a scroll of identify
 f - a scroll of remove curse {unknown}
 i - a scroll of teleportation {unknown}
 l - a scroll of random uselessness {unknown}
 m - a scroll of noise {unknown}
 o - 2 scrolls of amnesia
 u - 3 scrolls of fear {unknown}
 w - a scroll of enchant weapon {unknown}
Potions
 e - a potion of curing {unknown}
 h - 2 potions of magic
 j - a potion of lignification {unknown}
 n - 2 potions of flight {unknown}
 q - 2 potions of cure mutation {unknown}
 r - 2 potions of brilliance {unknown}
 s - a potion of berserk rage {unknown}
 v - a potion of mutation {unknown}
Comestibles
 c - 2 bread rations
 p - a meat ration


   Skills:
 + Level 4.1 Fighting
 + Level 7.5 Maces & Flails
 - Level 2.6 Dodging
 - Level 1.0 Stealth


You had 4 spell levels left.
You didn't know any spells.

Dungeon Overview and Level Annotations

Branches:
Dungeon (4/15)
 Temple: D:4-7

Altars:
Fedhas
Zin
The Shining One


Innate Abilities, Weirdness & Mutations

You are too large for most types of armour.
You have tough skin (AC +1).


Message History

The black bear claws you.
* * * LOW HITPOINT WARNING * * *
The black bear claws you but does no damage.
You hit the black bear but do no damage.
The black bear bites you.
* * * LOW HITPOINT WARNING * * *
The black bear closely misses you.
The black bear claws you but does no damage.
The black bear completely misses you. The black bear closely misses you.
The black bear claws you.
* * * LOW HITPOINT WARNING * * *
The polar bear bites you! The Shining One protects you from harm!
The polar bear claws you.
* * * LOW HITPOINT WARNING * * *
The polar bear closely misses you. The black bear barely misses you. x2
The black bear closely misses you. The black bear barely misses you.
The black bear claws you but does no damage.
The black bear claws you.
You die...

#.
#...........#
.
##....####..
#...### .#
#...## #.
#.##..## .#
..# ###.###.#
### ##h#.#
##hh## #h@h#
#h#### ##


You could see a polar bear (berserk) and 5 black bears.

Vanquished Creatures
  An orc wizard (D:3)
  A worker ant (D:4)
  5 adders
  An ooze (D:1)
  2 worms (D:2)
  A giant gecko (D:3)
  5 orcs (D:3)
  4 bats
  6 giant cockroaches
  2 hobgoblins
  5 jackals (D:3)
  6 kobolds
  2 ball pythons
  3 giant newts
  2 goblins
  5 rats
51 creatures vanquished.

Notes
Turn   | Place    | Note
--------------------------------------------------------------
     0 | D:1      | Firecrotchwizard the Ogre Berserker began the quest for the Orb.
     0 | D:1      | Reached XP level 1. HP: 24/24 MP: 1/1
   328 | D:1      | Reached XP level 2. HP: 24/32 MP: 2/2
   768 | D:2      | Reached skill level 5 in Maces & Flails
   868 | D:2      | Reached XP level 3. HP: 32/39 MP: 3/3
  1082 | D:2      | Reached skill level 1 in Stealth
  1706 | D:2      | Reached skill level 6 in Maces & Flails
  1706 | D:2      | Reached XP level 4. HP: 45/48 MP: 4/4
  1914 | D:3      | Found a faded altar to an unknown god.
  1927 | D:3      | Reached ** piety under Trog
  2077 | D:3      | Found a glowing silver altar of Zin.
  2227 | D:3      | Found a glowing golden altar of the Shining One.
  2458 | D:3      | Reached skill level 7 in Maces & Flails
  2458 | D:3      | Reached XP level 5. HP: 40/54 MP: 5/5
  2582 | D:3      | Found a blossoming altar of Fedhas.
  2673 | D:3      | Fell from the grace of Trog
  2673 | D:3      | Became a worshipper of the Shining One
  3242 | D:4      | Noticed a black bear
  3242 | D:4      | Noticed a black bear
  3242 | D:4      | Noticed a black bear
  3242 | D:4      | Noticed a black bear
  3242 | D:4      | Noticed a polar bear
  3242 | D:4      | Noticed a black bear
  3244 | D:4      | The Shining One protects you from harm!
  3244 | D:4      | HP: 1/54 [polar bear[the rage of Trog] (6)]
  3244 | D:4      | Slain by a black bear

Skill      XL: |  1  2  3  4 |
---------------+-------------+-----
Maces & Flails | 5 6 7 |  7.5
Stealth        | 1 |  1.0
Fighting       | |  4.1
Dodging        | |  2.6

Action                   |  1- 3 |  4- 6 || total
-------------------------+-------+-------++-------
Melee: Mace              |    74 |    39 ||   113
       Whip              |       |    27 ||    27
Invok: Berserk           |       |     1 ||     1
       Trog's Hand       |       |     1 ||     1
  Use: Scroll            |     1 |     1 ||     2
 Stab: Sleeping          |     2 |       ||     2
       Distracted        |     1 |       ||     1
  Eat: Chunk             |     2 |     1 ||     3
       Bread ration      |       |     1 ||     1
Armor: Robe              |    28 |    17 ||    45
       Animal skin       |     2 |       ||     2
Dodge: Dodged            |    38 |    40 ||    78
